 Dungeon Crawl Stone Soup version 0.23.0-2-g0fe3ce5 (webtiles) character file.

Game seed: 15691999382484142502

20155 Inarius the Zephyrmancer (level 13, -3/68 HPs)
             Began as a Kobold Air Elementalist on Feb 19, 2019.
             Was an Elder of Sif Muna.
             Slain by a crocodile (7 damage)
             ... while paralysed by Rupert
             ... on level 4 of the Lair of Beasts.
             The game lasted 00:54:15 (20771 turns).

Inarius the Zephyrmancer (Kobold Air Elementalist) Turns: 20771, Time: 00:54:16

Health: -3/68      AC: 11    Str:  5    XL:     13   Next: 10%
Magic:  24/25      EV:  3    Int: 21    God:    Sif Muna [****..]
Gold:   845        SH:  0    Dex: 16    Spells: 14/29 levels left

rFire    . . .     SeeInvis .   U - +8 arc blade {discharge, rElec}
rCold    . . .     Gourm    .   I - +0 buckler
rNeg     + . .     Faith    .   O - +0 troll leather armour
rPois    .         Spirit   .   C - +0 helmet
rElec    +         Reflect  .   o - +1 cloak
rCorr    .         Harm     .   (no gloves)
MR       .....                  (no boots)
Stlth    +++.......             G - amulet of the acrobat
HPRegen  0.61/turn              a - +4 ring of protection
MPRegen  0.19/turn              N - ring of positive energy

@: paralysed
A: small, carnivore
a: Divine Energy, Channel Magic, Forget Spell, Renounce Religion


You were on level 4 of the Lair of Beasts.
You worshipped Sif Muna.
Sif Muna was greatly pleased with you.
You were very full.

You visited 3 branches of the dungeon, and saw 16 of its levels.
You also visited: Ossuary.

You collected 845 gold pieces.

Inventory:

Hand Weapons
 l - a +1 dagger of venom
 w - a +5 dagger of speed
 U - the +8 arc blade (weapon) {discharge, rElec}
   (You found it on level 2 of the Lair of Beasts)

   It insulates you from electricity.
Armour
 b - a +0 shield
 i - a +0 leather armour
 o - a +1 cloak (worn)
 C - a +0 helmet (worn)
 I - a +0 buckler (worn)
 O - a +0 troll leather armour (worn)
 Q - a +1 robe of cold resistance
Jewellery
 a - a +4 ring of protection (left hand)
 t - an uncursed ring of protection from fire
 G - an amulet of the acrobat (around neck)
 L - an uncursed ring of protection from cold
 M - an uncursed ring of resist corrosion
 N - a ring of positive energy (right hand)
Wands
 z - a wand of flame (57)
 B - a wand of iceblast (5)
 E - a wand of clouds (5)
 H - a wand of random effects (48)
Scrolls
 d - 2 scrolls of amnesia {unknown}
 h - 3 scrolls of fog
 j - 5 scrolls of enchant armour
 k - a scroll of fear
 r - 4 scrolls of blinking
 x - 3 scrolls of magic mapping
 y - 6 scrolls of teleportation
 D - 6 scrolls of remove curse
 F - a scroll of summoning
 J - 2 scrolls of holy word
 P - a scroll of silence {unknown}
 R - a scroll of identify
 T - a scroll of enchant weapon
 W - a scroll of noise {unknown}
Potions
 e - 4 potions of curing
 f - 4 potions of flight
 g - 3 potions of might {unknown}
 m - a potion of mutation {unknown}
 n - 4 potions of brilliance
 p - 2 potions of heal wounds
 q - 2 potions of magic {unknown}
 s - 4 potions of lignification {unknown}
 u - 3 potions of haste {unknown}
 v - 5 potions of degeneration {unknown}
 A - a potion of resistance
 K - 3 potions of agility {unknown}
 S - a potion of ambrosia {unknown}
Comestibles
 c - 34 rations


   Skills:
 + Level 3.3 Fighting
 + Level 7.1 Short Blades
   Level 0.8 Polearms
 + Level 2.6 Armour
 + Level 6.8 Dodging
 + Level 4.6 Stealth
 * Level 3.1 Shields
 + Level 8.8 Spellcasting
 * Level 8.7 Conjurations
 * Level 11.6 Air Magic
 * Level 5.8 Invocations
 + Level 5.8 Evocations


You had 14 spell levels left.
You knew the following spells:

 Your Spells              Type           Power        Failure   Level  Hunger
a - Shock                 Conj/Air       ####         1%          1    None
b - Static Discharge      Conj/Air       ######..     1%          3    None
c - Swiftness             Chrm/Air       ####....     1%          2    None
d - Airstrike             Air            ######....   1%          4    ###....
e - Lightning Bolt        Conj/Air       ######....   6%          5    #####..

Your spell library contained the following spells:

 Spells                   Type           Power        Failure   Level  Hunger
 Magic Dart               Conj           ####         1%          1    None
 Stone Arrow              Conj/Erth      ####..       8%          3    None
 Sandblast                Erth           #.....       14%         1    None
 Passwall                 Tmut/Erth      #.......     22%         2    None
 Fireball                 Conj/Fire      ####......   56%         5    #####..
 Petrify                  Tmut/Erth      #.......     82%         4    ###....
 Lee's Rapid Deconstruct  Erth           #.........   99%         5    #####..
 Summon Forest            Summ/Tloc      #.........   99%         5    #####..


Dungeon Overview and Level Annotations

Branches:
Dungeon (11/15)            Temple (1/1) D:6            Lair (4/6) D:11
  Swamp (0/4) Lair:2       Spider (0/4) Lair:4          Orc (0/2) D:11

Altars:
Ashenzari
Cheibriados
Dithmenos
Elyvilon
Fedhas
Gozag
Hepliaklqana
Kikubaaqudgha
Makhleb
Nemelex Xobeh
Okawaru
Qazlal
Ru
Sif Muna
Trog
Uskayaw
Vehumet
Yredelemnul
Zin
The Shining One

Shops:
D:11 :

Annotations:
D:3 1 runed translucent door, MirrMurr's ghost, amateur SpEn
Lair:4 exclusion: 4 oklob plants, Rupert; Urug


Innate Abilities, Weirdness & Mutations

You are small and have problems with some larger weapons.
You are carnivorous and can eat meat at any time.


Message History

In your confused state, you trip and fall back down the stairs.
* * * LOW HITPOINT WARNING * * *
The komodo dragon misses you.
Rupert hits you with a +6 great mace of crushing.
* * * LOW HITPOINT WARNING * * *
x2 The crocodile closely misses you.
Unknown command.
Unknown command.
Unknown command.
Unknown command.
Unknown command.
Unknown command.
Unknown command.
You feel better. The komodo dragon closely misses you.
Rupert yells loudly at you.
You suddenly lose the ability to move!
The crocodile completely misses you. The komodo dragon bites you!
* * * LOW HITPOINT WARNING * * *
Rupert barely misses you. The crocodile bites you!
You die...

.. .. #. ##.##
...#
#.####..####
#......lt..#
......@@.#
..........#
.............
#........#.###
###.#.#..#.#
######## #


You could see Rupert, a komodo dragon and a crocodile.

Vanquished Creatures
  Harold (D:9)
  A hydra (Lair:3)
  2 two-headed ogres
  A skeletal warrior (D:11)
  A cyclops (D:11)
  2 ugly things (D:10)
  2 black mambas
  Joseph (D:8)
  3 spiny frogs
  3 komodo dragons
  2 trolls
  Grinder (D:6)
  A hornet (D:8)
  6 hippogriffs
  5 blink frogs (Lair:3)
  4 hogs (D:7)
  A human (D:7)
  2 wraiths (D:11)
  A wyvern (D:8)
  7 yaks
  2 basilisks
  Edmund (D:6)
  3 water moccasins
  8 porcupines
  A swamp drake (Lair:2)
  2 necrophages
  2 phantoms
  5 ice beasts
  An orc warrior (D:5)
  4 black bears (D:11)
  11 centaurs
  2 ogres
  13 crocodiles
  A big kobold (D:11)
  8 bullfrogs
  3 elf zombies (Ossuary)
  A scorpion (D:4)
  6 killer bees
  3 howler monkeys
  4 wights (D:7)
  2 electric eels
  4 crimson imps
  2 centaur zombies (Ossuary)
  3 bullfrog zombies
  3 jellies
  5 hounds
  7 human zombies (Ossuary)
  An orc priest (D:4)
  5 orc wizards
  2 centaur skeletons
  8 iguanas
  Ijyb (D:5)
  Natasha (thrice) (D:4)
  11 worker ants
  2 hound skeletons
  3 mummies (Ossuary)
  7 adders
  3 gnolls (D:2)
  2 shadow imps
  3 oozes
  An adder zombie (D:5)
  An adder skeleton (D:6)
  3 worms
  2 dart slugs
  5 leopard geckos
  28 orcs
  3 ball pythons
  3 bats
  4 giant cockroaches
  14 goblins
  9 hobgoblins
  15 jackals
  5 quokkas
  5 frilled lizards
  13 kobolds
  2 leopard gecko skeletons
  A leopard gecko zombie (D:7)
  6 rats
  2 fungi (D:11)
327 creatures vanquished.

Vanquished Creatures (others)
  23 fungi (D:11)
  7 plants
30 creatures vanquished.

Grand Total: 357 creatures vanquished

Notes
Turn   | Place    | Note
-------+----------+-------------------------------------------
     0 | D:1      | Inarius the Kobold Air Elementalist began the quest for the
                  | Orb.
     0 | D:1      | Reached XP level 1. HP: 10/10 MP: 3/3
   146 | D:1      | Reached XP level 2. HP: 15/15 MP: 5/5
   539 | D:1      | Reached XP level 3. HP: 19/19 MP: 2/6
   670 | D:1      | Learned a level 3 spell: Static Discharge
  1424 | D:2      | Found a basalt altar of Yredelemnul.
  1694 | D:2      | Learned a level 2 spell: Swiftness
  1734 | D:2      | Reached XP level 4. HP: 24/24 MP: 3/7
  1764 | D:2      | Reached skill level 1 in Armour
  2048 | D:2      | Reached skill level 4 in Air Magic
  2535 | D:2      | Reached XP level 5. HP: 28/28 MP: 3/8
  3268 | D:3      | Found a runed translucent door.
  3268 | D:3      | Noticed MirrMurr's ghost (amateur SpEn)
  3268 | D:3      | Noticed a centaur
  3407 | D:3      | Reached XP level 6. HP: 17/33 MP: 2/10
  4088 | D:4      | Found a burning altar of Makhleb.
  4524 | D:4      | Noticed Natasha
  4529 | D:4      | Killed Natasha
  4529 | D:4      | Reached XP level 7. HP: 35/37 MP: 5/11
  4537 | D:4      | Reached skill level 1 in Short Blades
  4773 | D:4      | Noticed Natasha
  4781 | D:4      | Killed Natasha
  4812 | D:4      | Noticed Natasha
  4820 | D:4      | Killed Natasha
  4975 | D:5      | Entered Level 5 of the Dungeon
  4978 | D:5      | Noticed Ijyb
  4988 | D:5      | Killed Ijyb
  5173 | D:5      | Reached skill level 1 in Fighting
  5372 | D:5      | Reached skill level 5 in Air Magic
  5386 | D:5      | Learned a level 4 spell: Airstrike
  5527 | D:5      | Reached skill level 1 in Evocations
  5676 | D:5      | Reached XP level 8. HP: 43/43 MP: 3/13
  6122 | D:6      | Found a glowing silver altar of Zin.
  6684 | D:6      | Reached skill level 5 in Conjurations
  6730 | D:6      | Found a sand-covered staircase.
  6796 | Ossuary  | Entered an ossuary
  7458 | Ossuary  | Reached XP level 9. HP: 32/48 MP: 2/15
  7769 | Ossuary  | Reached skill level 6 in Air Magic
  8057 | D:6      | Found a staircase to the Ecumenical Temple.
  8125 | D:6      | Noticed Grinder
  8165 | Temple   | Entered the Ecumenical Temple
  8258 | Temple   | Became a worshipper of Sif Muna the Loreminder
  8354 | D:6      | Noticed Edmund
  8364 | D:6      | Killed Edmund
  8648 | D:6      | Killed Grinder
  8648 | D:6      | Reached skill level 5 in Short Blades
  8779 | D:7      | Found an ancient bone altar of Kikubaaqudgha.
  8811 | D:7      | Learned a level 5 spell: Lightning Bolt
  9365 | D:7      | Reached skill level 5 in Dodging
  9467 | D:7      | Reached XP level 10. HP: 38/53 MP: 1/17
  9591 | D:7      | Reached * piety under Sif Muna
  9591 | D:7      | Reached skill level 5 in Spellcasting
  9591 | D:7      | Reached skill level 7 in Air Magic
  9592 | D:7      | Reached skill level 5 in Evocations
 10397 | D:8      | Noticed Joseph
 10955 | D:8      | Killed Joseph
 11186 | D:8      | Reached skill level 8 in Air Magic
 11208 | D:8      | Reached ** piety under Sif Muna
 11546 | D:8      | Found a shadowy altar of Dithmenos.
 11664 | D:8      | Paralysed by a hornet for 1 turns
 12176 | D:9      | Found a sacrificial altar of Ru.
 12348 | D:9      | Reached skill level 1 in Invocations
 12420 | D:9      | Found an opulent altar of Gozag.
 12514 | D:9      | Noticed Harold
 12654 | D:9      | Killed Harold
 12654 | D:9      | Reached skill level 9 in Air Magic
 12654 | D:9      | Reached XP level 11. HP: 17/59 MP: 6/20
 12789 | D:9      | Found a burning altar of Makhleb.
 12997 | D:10     | Entered Level 10 of the Dungeon
 13073 | D:10     | Noticed a two-headed ogre
 13167 | D:9      | Killed a two-headed ogre
 13167 | D:9      | Reached *** piety under Sif Muna
 13167 | D:9      | Reached skill level 1 in Shields
 13333 | D:10     | Found a sparkling altar of Nemelex Xobeh.
 13335 | D:10     | Noticed a two-headed ogre
 13345 | D:10     | Killed a two-headed ogre
 14161 | D:11     | Noticed a brown ugly thing
 14162 | D:11     | Noticed a white ugly thing
 14170 | D:11     | Found a gate leading to a gauntlet.
 14754 | D:10     | Killed a green ugly thing
 14922 | D:10     | Killed a white ugly thing
 15494 | D:11     | Found Purokk's Book Shop.
 15516 | D:11     | Reached skill level 10 in Air Magic
 15519 | D:11     | Reached XP level 12. HP: 60/64 MP: 3/22
 15903 | D:11     | Found a staircase to the Lair.
 15906 | D:11     | Noticed a skeletal warrior
 15951 | D:11     | Killed a skeletal warrior
 16082 | D:11     | Reached **** piety under Sif Muna
 16253 | D:11     | Found a staircase to the Orcish Mines.
 16503 | Lair:1   | Entered Level 1 of the Lair of Beasts
 16577 | D:11     | Reached skill level 5 in Invocations
 17260 | Lair:1   | Reached skill level 11 in Air Magic
 18608 | Lair:2   | Found a staircase to the Swamp.
 19295 | Lair:2   | Found the +8 arc blade {discharge, rElec}
 19801 | Lair:3   | Reached XP level 13. HP: 39/68 MP: 25/25
 20061 | Lair:3   | Reached ***** piety under Sif Muna
 20267 | Lair:3   | Noticed an eight-headed hydra
 20274 | Lair:3   | Killed an eight-headed hydra
 20274 | Lair:3   | Identified Jietwimea's Collected Works on Creative Battle
                  | Magic (Sif Muna gifted it to you on level 3 of the Lair of
                  | Beasts)
 20274 | Lair:3   | Received a gift from Sif Muna
 20664 | Lair:4   | Noticed a seven-headed hydra
 20664 | Lair:4   | Noticed Urug
 20667 | Lair:4   | Found a hole to the Spider Nest.
 20758 | Lair:4   | Noticed Rupert
 20761 | Lair:4   | Paralysed by Rupert for 7 turns
 20770 | Lair:4   | Paralysed by Rupert for 4 turns
 20771 | Lair:4   | Slain by a crocodile

Skill      XL: |  1  2  3  4  5  6  7  8  9 10 11 12 13 |
---------------+----------------------------------------+-----
Armour         | 1 2 |  2.6
Air Magic      | 4 5 6 9 10 11 | 11.6
Conjurations   | 2 3 4 5 6 7 8 |  8.7
Stealth        | 3 4 |  4.6
Spellcasting   | 3 4 6 7 8 |  8.8
Short Blades   | 1 3 5 6 7 |  7.1
Dodging        | 3 4 5 6 |  6.8
Fighting       | 1 2 3 |  3.3
Evocations     | 1 2 4 5 |  5.8
Invocations    | 2 4 5 |  5.8
Shields        | 1 3 |  3.1
Polearms       | |  0.8

Action                   |  1- 3 |  4- 6 |  7- 9 | 10-12 | 13-15 || total
-------------------------+-------+-------+-------+-------+-------++-------
Melee: Spear             |    47 |       |       |       |       ||    47
       Dagger            |    27 |    98 |   332 |   274 |       ||   731
       Rapier            |       |       |       |    34 |    16 ||    50
 Cast: Shock             |    40 |   104 |   149 |   251 |     4 ||   548
       Static Discharge  |       |     6 |    25 |    36 |       ||    67
       Airstrike         |       |       |     6 |    94 |     2 ||   102
       Swiftness         |       |       |     1 |     3 |       ||     4
       Lightning Bolt    |       |       |       |    19 |       ||    19
Invok: Channel Magic     |       |       |       |     1 |       ||     1
       Divine Energy     |       |       |       |     1 |       ||     1
       Stop Divine Energ |       |       |       |     1 |       ||     1
Evoke: Wand              |       |       |     2 |    13 |     3 ||    18
  Use: Scroll            |       |       |    15 |     5 |       ||    20
       Potion            |       |       |       |     1 |     1 ||     2
 Stab: Sleeping          |     3 |     2 |     4 |     1 |     3 ||    13
  Eat: Chunk             |    11 |    10 |    19 |    49 |     3 ||    92
Armor: Robe              |    14 |    23 |    35 |    16 |       ||    88
       Troll leather arm |       |       |       |    71 |     4 ||    75
Dodge: Dodged            |    59 |    98 |   177 |   361 |    17 ||   712
Block: Buckler           |       |       |     7 |   107 |     4 ||   118
